AoeStats
← waLLefps.

Nomad

507319191Analyzed
2v2 RM · 14d ago on Sep 17, 2026· 37m 16s· 4 players
Game mode
Random Map
Map size
176×176
Population
200
Speed
Normal
Resources
Standard
Victory
Conquest
Starting age
Dark Age
Ending age
Imperial Age
RankedLock teamsTeams togetherTeam positionsShared explorationLock speedFull tech treeHidden civsTurbo modeCheats
Victory
Defeat
🇹🇷 Persians · Türkiye
1493
+14
🇹🇷 Vikings · Türkiye
1486
+15
🇲🇽 Romans · Mexico
1498
-16
🇧🇷 Britons · Brazil
1418
-13
GAX | ERV
12:25 Feudal Age
13:20 Loom
16:06 Castle Age
15:09 Double-Bit Axe
16:02 Fishing Lines
17:00 Medium Warships
17:30 Bow Saw
19:52 Gold Mining
24:21 Town Watch
25:25 Gillnets
25:29 Fletching
25:21 Horse Collar
27:42 Wheelbarrow
28:26 Scale Barding Armor
28:32 Guard Tower
31:28 Forging
32:03 Chain Barding Armor
32:20 Gold Shaft Mining
35:20 Imperial Age
33:58 Iron Casting
33:10 Man-at-Arms
33:52 Scale Mail Armor
33:54 Long Swordsman
34:36 Squires
35:41 Legionary
37:14 Chain Mail Armor
T0P_Obelisk
3:35 Loom
15:57 Feudal Age
16:49 Double-Bit Axe
21:22 Castle Age
19:34 Horse Collar
27:17 Town Watch
waLLefps.
5:05 Loom
8:03 Loom
14:05 Feudal Age
14:40 Fishing Lines
17:34 Castle Age
15:53 Double-Bit Axe
17:39 Forging
18:54 Medium Warships
26:17 Wheelbarrow
25:31 Horse Collar
26:07 Bow Saw
30:14 Hand Cart
30:08 Town Watch
30:49 Heavy Plow
31:10 Fletching
35:39 Imperial Age
33:19 Scale Barding Armor
33:50 Iron Casting
33:26 Gold Mining
33:27 Stone Mining
34:13 Husbandry
34:24 Bloodlines
34:49 Ballistics
35:30 Chain Barding Armor
35:07 Bodkin Arrow
35:26 Masonry
36:21 Conscription
35:42 Cavalier
38:00 Two-Man Saw
37:38 Crop Rotation
Tameryig1t
3:54 Loom
13:37 Feudal Age
18:26 Double-Bit Axe
18:25 Fishing Lines
21:01 Castle Age
19:22 Gold Mining
19:22 Stone Mining
20:43 Forging
20:33 Scale Mail Armor
20:44 Horse Collar
22:32 Bow Saw
23:36 Fletching
25:05 Gold Shaft Mining
25:37 Chain Mail Armor
25:57 Iron Casting
30:45 Iron Casting
30:26 Pikeman
31:07 Squires
32:39 Bodkin Arrow
32:57 Arson
32:58 Gambesons
37:19 Imperial Age
35:25 Chieftains
36:13 Heavy Plow
Connection lost

Rejoining the realm…

Still unreachable

The connection could not be restored.

Session expired

The server has moved on; the page needs a fresh start.